AoeStats
← Sido

Arabia

509175307Analyzed
1v1 RM · 7d ago on Sep 25, 2026· 40m 50s· 2 players
Game mode
Random Map
Map size
Tiny (2 player)
Population
200
Speed
Normal
Resources
Standard
Victory
Conquest
Starting age
Dark Age
Ending age
Imperial Age
RankedLock teamsTeams togetherTeam positionsShared explorationLock speedFull tech treeHidden civsTurbo modeCheats
Victory
Defeat
🇬🇧 Saxons · United Kingdom
836
+18
🇨🇱 Magyars · Chile
876
-18
Sido
5:57 Loom
10:00 Feudal Age
10:34 Man-at-Arms
14:32 Scale Mail Armor
20:23 Castle Age
19:53 Double-Bit Axe
20:34 Elite Skirmisher
21:56 Long Swordsman
22:40 Fletching
29:08 Horse Collar
36:38 Imperial Age
36:10 Bodkin Arrow
37:06 Capped Ram
39:00 Chain Mail Armor
38:55 Forging
WiseGirl1899
9:43 Loom
11:29 Feudal Age
17:21 Castle Age
20:20 Stone Mining
20:18 Double-Bit Axe
21:19 Horse Collar
25:25 Bloodlines
27:39 Husbandry
27:43 Padded Archer Armor
27:34 Fletching
30:17 Bodkin Arrow
37:13 Imperial Age
36:34 Leather Archer Armor
37:41 Scale Barding Armor
38:51 Chain Barding Armor
Connection lost

Rejoining the realm…

Still unreachable

The connection could not be restored.

Session expired

The server has moved on; the page needs a fresh start.